 Dungeon Crawl Stone Soup version bcrawl-1.27.7 (webtiles) character file.

Game seed: 15561799392216092773

121579 Radels the Stinger (level 3, -3/26 HPs)
             Began as an Oni Wizard on Oct 23, 2020.
             Slain by a leopard gecko (5 damage)
             ... on level 1 of the Dungeon.
             The game lasted 00:02:54 (1028 turns).

Radels the Stinger (Oni Wizard)                     Turns: 1028, Time: 00:02:55

Health: -3/26      AC:  2    Str: 10    XL:     3   Next: 41%
Magic:  0/9        EV: 12    Int: 20    God:
Gold:   47         SH:  0    Dex:  9    Spells: 3/8 levels left

rFire    . . .     SeeInvis .   a - +0 staff
rCold    . . .     Gourm    .   (no shield)
rNeg     . . .     Faith    .   b - +0 animal skin
rPois    .         Spirit   .   c - +0 hat
rElec    .         Reflect  .   (no cloak)
rCorr    .         Harm     .   (no gloves)
MR       .....                  (no boots)
Stlth    ++........             (no amulet)
HPRegen  0.08/turn              (no ring)
MPRegen  0.11/turn              (no ring)

@: very slightly contaminated
A: oni magic, claws 1, fangs 1, horns 1
a: no special abilities


You were on level 1 of the Dungeon.
You were hungry.

You visited 1 branch of the dungeon, and saw 2 of its levels.

You collected 47 gold pieces.

Inventory:

Hand Weapons
 a - a +0 staff (weapon)
Armour
 b - a +0 animal skin (worn)
 c - a +0 hat (worn)
Scrolls
 d - a scroll of identify
 i - a scroll of amnesia {unknown}
Potions
 f - a potion of brilliance
 g - a potion of lignification {unknown}
 h - a potion of heal wounds {unknown}
Comestibles
 e - a ration {!d}


   Skills:
 - Level 2.0 Dodging
 - Level 2.0 Stealth
 + Level 3.0 Spellcasting
   Level 3.0 Conjurations
   Level 3.0 Hexes
   Level 3.0 Charms
   Level 3.0 Summonings
   Level 3.0 Necromancy
   Level 3.0 Translocations
   Level 3.0 Transmutations
   Level 3.0 Fire Magic
   Level 3.0 Ice Magic
   Level 3.0 Air Magic
   Level 3.0 Earth Magic
   Level 3.0 Poison Magic


You had 3 spell levels left.
You knew the following spells:

 Your Spells              Type           Power        Failure   Level  Hunger
a - Magic Dart            Conj           ###.         3%          1    None
b - Blink                 Tloc           N/A          5%          2    #......
c - Call Imp              Summ           ###...       5%          2    #......

Your spell library contained the following spells:

 Spells                   Type           Power        Failure   Level  Hunger
 Flame Tongue             Conj/Fire      ###..        4%          1    None
 Conjure Flame            Conj/Fire      ###.....     12%         3    ####...
 Spider Form              Tmut/Pois      ###          12%         3    ####...
 Mephitic Cloud           Conj/Pois/Air  ##......     13%         3    ####...


Dungeon Overview and Level Annotations

Branches:
Dungeon (2/12)

Altars:

Annotations:
D:1 Jessica


Innate Abilities, Weirdness & Mutations

You learn spells by gaining experience, not through books or religion.
You only train spellcasting to practice magic.
You have sharp fingernails.
You have very sharp teeth.
You have a pair of small horns on your head.


Message History

The leopard gecko closely misses you.
Casting: Blink (safe; 5% risk of failure)
Confirm with . or Enter, or press ? or * to list all spells.
Aiming: Magic Dart (safe; 3% risk of failure)
Press: ? - help, Shift-Dir - straight line, f - leopard gecko
Aim: a leopard gecko (clinging)
The magic dart hits the leopard gecko.
The leopard gecko is severely wounded.
The leopard gecko bites you.
* * * LOW HITPOINT WARNING * * *
Casting: Magic Dart (safe; 3% risk of failure)
Confirm with . or Enter, or press ? or * to list all spells.
Aiming: Magic Dart (safe; 3% risk of failure)
Press: ? - help, Shift-Dir - straight line, f/p - leopard gecko
Aim: a leopard gecko (heavily wounded, clinging)
The magic dart hits the leopard gecko.
The leopard gecko is almost dead.
The leopard gecko closely misses you. The leopard gecko bites you.
You die...

..##'#####......................#
..+...........##..........##...>#
..##.......##..#..........#....##
...........#..................##
.###.......+.........#.....####
........#.##........###...##
..##....#.####'#.####.#####
..##....#.#..)...####.###########
..#######.#.....@lb.....##.......
###..........##..####.#.##.######
....#......#.....## #.#.##.##....
###..........###..# #.#.##.##.###
#..#....#..###..# #.#.#..##.#
#...............###.#.#####.# #
#...#..#.........##.#.......# #
##.............#.##@######### #
#...##........#.......#


You could see a leopard gecko and a bat.

Vanquished Creatures
  A dart slug (D:1)
  4 leopard geckos
  3 bats (D:1)
  A giant cockroach (D:1)
  4 goblins
  4 hobgoblins
  8 kobolds
  4 rats (D:1)
29 creatures vanquished.

Notes
Turn   | Place    | Note
-------+----------+-------------------------------------------
     0 | D:1      | Radels the Oni Wizard began the quest for the Orb.
     0 | D:1      | Reached XP level 1. HP: 14/14 MP: 5/5
   134 | D:1      | Reached XP level 2. HP: 20/20 MP: 5/7
   222 | D:1      | Learned a level 2 spell: Blink
   225 | D:1      | Learned a level 2 spell: Call Imp
   464 | D:1      | Reached XP level 3. HP: 26/26 MP: 6/9
   908 | D:1      | Reached skill level 3 in Spellcasting
   999 | D:2      | Noticed Jessica
  1023 | D:1      | HP: 1/26 [leopard gecko (2)]
  1028 | D:1      | Slain by a leopard gecko

Skill      XL: |  1  2  3 |
---------------+----------+-----
Stealth        | 2 |  2.0
Dodging        | 2 |  2.0
Spellcasting   | 3 |  3.0
Conjurations   | |  3.0
Hexes          | |  3.0
Charms         | |  3.0
Summonings     | |  3.0
Necromancy     | |  3.0
Translocations | |  3.0
Transmutations | |  3.0
Fire Magic     | |  3.0
Ice Magic      | |  3.0
Air Magic      | |  3.0
Earth Magic    | |  3.0
Poison Magic   | |  3.0

Action                   || total
-------------------------++-------
 Cast: Magic Dart        ||    72
       Call Imp          ||     2
       Blink             ||     1
Armor: Animal skin       ||     6
Dodge: Dodged            ||    24
